 Dungeon Crawl Stone Soup version 0.29.1-15-g9cfb28693d (webtiles) character file.

Game seed: 17640354369769332951

1096 Descartes the Blocker (level 8, 0/62 HPs)
             Began as a Formicid Fighter on Apr 2, 2023.
             Slain by a killer bee (4 damage)
             ... on level 5 of the Dungeon.
             The game lasted 00:07:32 (6585 turns).

Descartes the Blocker (Formicid Fighter)            Turns: 6585, Time: 00:07:33

Health: 0/62       AC:  5    Str: 30    XL:     8   Next: 57%
Magic:  8/8        EV: 18    Int:  7    God:
Gold:   269        SH:  6    Dex: 11    Spells: 7/7 levels left

rFire   . . .      SeeInvis +   n - +2 short sword of Nuaklyw {elec, rElec Str+6 Dex-2}
rCold   . . .      Faith    .   c - +0 buckler
rNeg    . . .      Spirit   .   A - +2 leather armour {Will+}
rPois   .          Reflect  .   (helmet unavailable)
rElec   +          Harm     .   (no cloak)
rCorr   .          Rampage  .   (no gloves)
Will    +....                   (no boots)
Stlth   +.........              (no amulet)
HPRegen 0.20/turn               v - +4 ring of evasion
MPRegen 0.11/turn               x - +4 ring of evasion

@: lethally poisoned (0 -> -21)
A: permanent stasis, dig shafts and tunnels, antennae 3, four strong arms
a: Dig, Shaft Self


You were on level 5 of the Dungeon.
You visited 1 branch of the dungeon, and saw 6 of its levels.

You collected 269 gold pieces.

Inventory:

Hand Weapons
 a - a +0 war axe
 n - the +2 short sword of Nuaklyw (weapon) {elec, rElec Str+6 Dex-2}
   (You found it on level 2 of the Dungeon)

   It occasionally discharges a powerful burst of electricity upon striking a
   foe.
   Str:       It affects your strength (+6).
   Dex:       It affects your dexterity (-2).
   rElec:     It insulates you from electricity.
 u - a +1 spear of pain
Missiles
 z - 3 boomerangs
Armour
 c - a +0 buckler (worn)
 j - a +0 chain mail
 A - a +2 leather armour of willpower (worn)
Jewellery
 v - a +4 ring of evasion (left hand)
 x - a +4 ring of evasion (right hand)
Scrolls
 e - 2 scrolls of enchant weapon {unknown}
 h - 2 scrolls of fear {unknown}
 i - 9 scrolls of identify {unknown}
 k - 3 scrolls of silence {unknown}
 o - 4 scrolls of teleportation {unknown}
 s - 4 scrolls of poison {unknown}
 w - a scroll of vulnerability {unknown}
 y - a scroll of amnesia {unknown}
Potions
 d - a potion of might
 f - a potion of degeneration {unknown}
 g - a potion of mutation {unknown}
 l - 2 potions of haste {unknown}
 m - 3 potions of curing
 p - a potion of attraction {unknown}
 q - a potion of heal wounds {unknown}
 r - a potion of cancellation {unknown}
 t - a potion of brilliance {unknown}


   Skills:
 + Level 5.3 Fighting
 - Level 2.6 Axes
 * Level 6.7 Armour
 * Level 8.3 Shields
 + Level 4.0 Earth Magic


You had 7 spell levels left.
You didn't know any spells.
Your spell library contained the following spells:

 Spells                   Type           Power      Damage    Failure   Level
 Scorch                   Fire           0%         2d5       65%         2
 Flame Wave               Conj/Fire      0%         2d4       99%         4
 Summon Ice Beast         Ice/Summ       0%         N/A       99%         4
 Summon Mana Viper        Hex/Summ       0%         N/A       100%        5
 Summon Cactus Giant      Summ           0%         N/A       100%        6
 Monstrous Menagerie      Summ           0%         N/A       100%        7


Dungeon Overview and Level Annotations

Branches:
Dungeon (6/15)
 Temple: D:4-7

Altars:
Cheibriados
Fedhas
Nemelex Xobeh
Qazlal
Ru
Sif Muna
Vehumet
Wu Jian
Xom


Innate Abilities, Weirdness & Mutations

You cannot be hasted, slowed, berserked, paralysed or teleported.
You can dig through walls and to a lower floor.
You have a pair of large antennae on your head. (SInv)
Your four strong arms can wield two-handed weapons with a shield.


Message History

The killer bee closely misses you. x2
The killer bee stings you but does no damage.
The killer bee stings you. x2
The killer bee stings you but does no damage.
You block the killer bee's attack. The killer bee stings you.
The killer bee stings you!
You miss the killer bee.
You feel sick. The killer bee barely misses you.
The killer bee stings you but does no damage.
The killer bee closely misses you. You block the killer bee's attack.
The killer bee barely misses you. x2; The killer bee closely misses you.
The killer bee misses you.
You miss the killer bee.
You feel sick. The killer bee barely misses you. x2
The killer bee misses you. The killer bee barely misses you.
You block the killer bee's attack. The killer bee stings you.
The killer bee completely misses you. The killer bee closely misses you.
Unknown command.
You are too injured to fight recklessly!
You miss the killer bee.
You feel sick. You block the killer bee's attack. The killer bee stings you.
* * * LOW HITPOINT WARNING * * *
You are more poisoned.
The killer bee poisons you! You block the killer bee's attack.
The killer bee barely misses you. The killer bee misses you. x3
The killer bee completely misses you.
The killer bee attacks as you move away!
The killer bee stings you.
* * * LOW HITPOINT WARNING * * *
You are lethally poisoned!
The killer bee poisons you!
* * * LOW HITPOINT WARNING * * *
You feel very sick. The killer bee closely misses you.
You block the killer bee's attack. The killer bee barely misses you.
* * * LOW HITPOINT WARNING * * *
You feel very sick. You block the killer bee's attack.
The killer bee stings you.
* * * LOW HITPOINT WARNING * * *
You are more poisoned.
The killer bee poisons you! The killer bee stings you.
You die...

#................
#########.......#####....
#...............#####....
#...............##..'....
#...............##.##....
#..............###.##....
#.....>.........<..#....#
#......yy###....####...##
#......y@# #....# ##..##.
#......y.###....# #..##..
#.........##....# #.##.##
#..........#....###......
#...............'.......+
#...............######.##
#######....###...# #...
#.....###........##
###.##
#.###.##....##....# #...#


You could see 4 killer bees.

Vanquished Creatures
  A water moccasin (D:6)
  A black bear (D:4)
  An ice beast (D:5)
  An ogre (D:3)
  A phantom (D:4)
  A scorpion (D:4)
  A killer bee (D:5)
  A hound (D:4)
  A jelly (D:4)
  2 orc priests
  A gnoll bouda (D:4)
  3 iguanas
  4 orc wizards
  9 adders
  6 gnolls (D:4)
  A dart slug (D:1)
  7 orcs
  5 ball pythons
  8 endoplasms
  8 giant cockroaches
  8 hobgoblins
  4 jackals (D:1)
  10 kobolds
  5 quokkas
  5 bats (D:1)
  4 frilled lizards
  10 goblins
  9 rats
118 creatures vanquished.

Notes
Turn   | Place    | Note
-------+----------+-------------------------------------------
     0 | D:1      | Descartes the Formicid Fighter began the quest for the Orb.
     0 | D:1      | Reached XP level 1. HP: 18/18 MP: 1/1
    73 | D:1      | Reached XP level 2. HP: 23/24 MP: 2/2
   331 | D:1      | Reached XP level 3. HP: 27/29 MP: 3/3
   848 | D:2      | Reached XP level 4. HP: 35/36 MP: 4/4
   879 | D:2      | Found a faded altar of an unknown god.
   983 | D:2      | Identified the +2 short sword of Nuaklyw {elec, rElec Str+6
                  | Dex-2}
  1255 | D:2      | Reached skill level 1 in Earth Magic
  1623 | D:3      | Reached skill level 5 in Shields
  1828 | D:3      | Found an ornate altar of the Wu Jian Council.
  1832 | D:3      | Found a stormy altar of Qazlal.
  1918 | D:3      | Reached XP level 5. HP: 38/42 MP: 5/5
  1995 | D:3      | Found a sparkling altar of Nemelex Xobeh.
  2422 | D:3      | Noticed an ogre
  2427 | D:3      | Killed an ogre
  2428 | D:3      | Reached XP level 6. HP: 7/48 MP: 6/6
  2887 | D:4      | Noticed a black bear
  2971 | D:4      | Killed a black bear
  2972 | D:4      | Reached skill level 6 in Shields
  3126 | D:4      | Reached skill level 5 in Armour
  3127 | D:4      | Reached XP level 7. HP: 6/55 MP: 7/7
  4152 | D:4      | Found a sacrificial altar of Ru.
  4158 | D:4      | Found a shimmering blue altar of Sif Muna.
  4159 | D:4      | Found a blossoming altar of Fedhas.
  4159 | D:4      | Found a radiant altar of Vehumet.
  4159 | D:4      | Found a snail-covered altar of Cheibriados.
  4163 | D:4      | Found a shimmering altar of Xom.
  4286 | D:4      | Reached skill level 7 in Shields
  4798 | D:5      | Entered Level 5 of the Dungeon
  4865 | D:5      | Reached XP level 8. HP: 34/61 MP: 8/8
  5049 | D:5      | Reached skill level 5 in Fighting
  5493 | D:5      | Reached skill level 8 in Shields
  6585 | D:5      | Slain by a killer bee

Illustrated notes

Levels and vault maps discovered:
D:1:      dpeg_arrival_radiant, layout_basic
D:2:      layout_basic, chequers_ecumenical_altar_simple_redux
D:3:      minmay_chambers_of_threes, layout_basic,
          nicolae_overflow_hidden_temple
D:4:      layout_basic, minitemple
D:5:      layout_basic, minmay_parallelograms
D:6:      layout_cave_pools, minmay_temple_entry_waves, serial_shops,
          nicolae_shop_trees

Skill      XL: |  1  2  3  4  5  6  7  8 |
---------------+-------------------------+-----
Earth Magic    | 1 2 3 4 |  4.0
Shields        | 5 6 7 8 |  8.3
Armour         | 4 5 6 |  6.7
Fighting       | 4 5 |  5.3
Axes           | |  2.6

Action                   |  1- 3 |  4- 6 |  7- 9 || total
-------------------------+-------+-------+-------++-------
Melee: War axe           |    76 |    15 |       ||    91
       Short sword       |       |   161 |   214 ||   375
 Abil: Dig               |       |     3 |       ||     3
Armor: Scale mail        |    27 |       |       ||    27
       Chain mail        |    22 |   100 |   122 ||   244
       Leather armour    |       |       |     5 ||     5
Dodge: Dodged            |    32 |    71 |   171 ||   274
Block: Buckler           |    24 |    34 |    76 ||   134
